 Dungeon Crawl Stone Soup version 0.15.0-31-geb66e34 (webtiles) character file.

101 MDvedh the Chopper (level 4, 0/37 HPs)
             Began as a Hill Orc Death Knight on Sept 13, 2014.
             Was a Believer of Yredelemnul.
             Slain by an ogre
             ... wielding a +0 giant club
              (22 damage)
             ... on Level 4 of the Dungeon.
             The game lasted 00:03:34 (2455 turns).

MDvedh the Chopper (Hill Orc Death Knight)          Turns: 2455, Time: 00:03:34

HP   0/37        AC  7     Str 16      XL: 4   Next: 75%
MP   7/7         EV  9     Int 11      God: Yredelemnul [**....]
Gold 193         SH  0     Dex 10      Spells:  0 memorised,  3 levels left

rFire  . . .     SeeInvis .     a - +1 hand axe
rCold  . . .     Clarity  +     l - +0 ring mail
rNeg   . . .     rCorr    .     (no shield)
rPois  .         rRot     .     c - +0 helmet
rElec  .         Spirit   .     (no cloak)
SustAb .         Warding  .     (no gloves)
rMut   .         Stasis   .     j - +0 pair of boots
Gourm  .                        k - amulet of clarity
MR     .....                    (no ring)
                                (no ring)

@: not resistant to hostile enchantments, extremely unstealthy
A: no striking features
a: Animate Remains, Recall Undead Slaves, Injury Mirror, Renounce Religion


You were on level 4 of the Dungeon.
You worshipped Yredelemnul.
Yredelemnul was pleased with you.
You were not hungry.

You visited 1 branch of the dungeon, and saw 4 of its levels.

You collected 193 gold pieces.

Inventory:

Hand weapons
 a - a +1 hand axe (weapon)
Armour
 c - a +0 helmet (worn)
 j - a +0 pair of boots (worn)
 l - a +0 ring mail (worn)
Comestibles
 h - 2 bread rations
Scrolls
 b - 2 scrolls of fog
Jewellery
 f - an uncursed ring of teleportation
 k - an amulet of clarity (around neck)
Potions
 d - a potion of confusion {unknown}
 e - a potion of curing
 g - a potion of heal wounds {unknown}
 i - a potion of haste {unknown}
 m - a potion of agility {unknown}


   Skills:
 - Level 2.4 Fighting
 + Level 6.3 Axes
 - Level 1.1 Armour
 - Level 0.7 Dodging
 - Level 3.6 Invocations


You had 3 spell levels left.
You didn't know any spells.

Dungeon Overview and Level Annotations

Branches:
Dungeon (4/15)
 Temple: D:4-7

Altars:
Yredelemnul

Annotations:
D:4 Natasha


Message History

Natasha mumbles some strange words.
The ogre hits you with a giant club.
Unknown command.
You hit the ogre.
The ogre is moderately wounded.
Natasha casts a spell.
The ogre closely misses you.
You barely miss the ogre.
The ogre is moderately wounded.
You hit the ogre.
The ogre is heavily wounded.
The crimson imp shouts, "Accept thy failure, thou infectious hell-hated nert!"
The ogre hits you with a giant club.
Unknown command.
You hit the ogre.
The ogre is heavily wounded.
The ogre hits you with a giant club!!
Ouch! That really hurt!
You die...
Your body rises from the dead as a mindless zombie.

## ..### #.#<#
#.#.# ####.#.#
#....#.#####
#.5hO@.....#
.......5#.###.#
##...5.#.#
#......#.#
#......#.#
......#.#
.....#.#
....#.# . .


You could see an ogre, Natasha, 2 crimson imps and a shadow imp.

Vanquished Creatures
  2 adders (D:2)
  A giant mite (D:3)
  2 worms (D:2)
  An ooze (D:3)
  An orc (D:3)
  6 giant cockroaches
  6 goblins
  5 hobgoblins
  2 quokkas (D:2)
  2 ball pythons
  5 bats
  4 giant newts
  7 jackals (D:2)
  11 kobolds
  7 rats
62 creatures vanquished.

Vanquished Creatures (others)
  A hobgoblin zombie (D:2)
1 creature vanquished.

Grand Total: 63 creatures vanquished

Notes
Turn   | Place    | Note
--------------------------------------------------------------
     0 | D:1      | MDvedh, the Hill Orc Death Knight, began the quest for the Orb.
     0 | D:1      | Reached XP level 1. HP: 18/18 MP: 2/2
   210 | D:1      | Reached XP level 2. HP: 20/25 MP: 4/4
   528 | D:1      | Reached skill level 4 in Axes
   872 | D:2      | Reached XP level 3. HP: 25/30 MP: 5/5
   970 | D:2      | Acquired Yredelemnul's second power
   993 | D:2      | Reached skill level 5 in Axes
  1248 | D:2      | Reached XP level 4. HP: 29/37 MP: 7/7
  1582 | D:2      | Found a basalt altar of Yredelemnul.
  1758 | D:3      | Reached skill level 6 in Axes
  2447 | D:4      | Noticed an ogre
  2448 | D:4      | Noticed Natasha
  2455 | D:4      | Slain by an ogre

Action                   |  1- 3 |  4- 6 || total
-------------------------+-------+-------++-------
Melee: Hand axe          |   117 |   105 ||   222
Invok: Animate Remains   |     2 |     1 ||     3
  Use: Scroll            |     4 |     5 ||     9
  Eat: Meat ration       |       |     1 ||     1
